 Dungeon Crawl Stone Soup version 0.16.1-2-g95b8d4c (webtiles) character file.

121 Ololoev the Cutter (level 5, 0/29 HPs)
             Began as a Kobold Artificer on Mar 25, 2015.
             Slain by an orc priest (4 damage)
             ... on level 3 of the Dungeon.
             The game lasted 00:04:30 (1923 turns).

Ololoev the Cutter (Kobold Artificer)               Turns: 1923, Time: 00:04:30

Health: 0/29       AC:  3    Str: 10    XL:     5   Next: 26%
Magic:  9/9        EV: 15    Int: 10    God:
Gold:   67         SH:  0    Dex: 17    Spells: 0 memorised, 4 levels left

rFire  . . .     SeeInvis .     r - +2 dagger (venom)
rCold  . . .     Clarity  .     e - +0 leather armour
rNeg   . . .     SustAb   .     (no shield)
rPois  .         Gourm    .     (no helmet)
rElec  .         Spirit   .     (no cloak)
rCorr  .         Warding  .     (no gloves)
rMut   .         Stasis   .     (no boots)
MR     .....                    (no amulet)
Stlth  ++........               (no ring)
                                (no ring)

@: not resistant to hostile enchantments, unstealthy
A: carnivore 3
a: no special abilities


You were on level 3 of the Dungeon.
You were very full.

You visited 1 branch of the dungeon, and saw 3 of its levels.

You collected 67 gold pieces.

Notes
Turn   | Place    | Note
--------------------------------------------------------------
     0 | D:1      | Ololoev, the Kobold Artificer, began the quest for the Orb.
     0 | D:1      | Reached XP level 1. HP: 12/12 MP: 1/1
    72 | D:1      | Reached XP level 2. HP: 14/16 MP: 3/3
   721 | D:1      | Reached skill level 4 in Evocations
   756 | D:1      | Reached XP level 3. HP: 18/20 MP: 5/5
   840 | D:2      | Found an iron altar of Okawaru.
  1301 | D:2      | Reached XP level 4. HP: 23/25 MP: 6/6
  1811 | D:3      | Reached XP level 5. HP: 29/29 MP: 8/8
  1837 | D:3      | Noticed Jessica
  1846 | D:3      | Killed Jessica
  1846 | D:3      | Reached skill level 5 in Short Blades
  1923 | D:3      | Slain by an orc priest

Inventory:

Hand weapons
 r - a +2 dagger of venom (weapon)
Armour
 e - a +0 leather armour (worn)
Magical devices
 b - a wand of flame (15)
 c - a wand of enslavement (15)
 d - a wand of random effects (14)
Scrolls
 h - 4 scrolls of identify {unknown}
 i - a scroll of random uselessness {unknown}
 j - 2 scrolls of fog {unknown}
 k - a scroll of remove curse {unknown}
 m - 3 scrolls of recharging {unknown}
 p - a scroll of noise {unknown}
 q - 2 scrolls of fear {unknown}
 s - a scroll of enchant weapon {unknown}
 t - a scroll of teleportation {unknown}
Potions
 a - 2 potions of might {unknown}
 g - a potion of cure mutation {unknown}
 l - 2 potions of haste {unknown}
Books
 v - a Necronomicon {highlevel, unknown}

   This book is beyond your current level of understanding.

   Spells                             Type                      Level
   a - Haunt                          Necromancy/Summoning         7
   b - Borgnjor's Revivification      Necromancy                   8
   c - Death's Door                   Charms/Necromancy            8
   d - Necromutation                  Transmutation/Necromancy     8
Comestibles
 f - 2 meat rations
 o - a royal jelly
 u - a slice of pizza

Table legend:
 A = Turns spent in this place as a percentage of turns spent in the entire game.
 B = Non-inter-level travel turns spent in this place as a percentage of non-inter-level travel turns spent in the entire game.
 C = Inter-level travel turns spent in this place as a percentage of turns spent in this place.
 D = Turns resting spent in this place as a percentage of non-inter-level travel turns spent in this place.
 E = Turns spent auto-exploring this place as a percentage of non-inter-level travel turns spent in this place.
 F = Non-inter-level travel turns spent in this place divided by the number of levels of this place that you've seen.
                   A       B       C       D       E      F
               +-------+-------+-------+-------+-------+----------------------
         Total | 100.0 | 100.0 |   0.7 |   5.4 |  13.3 | 192.7
       Dungeon | 100.0 | 100.0 |   0.7 |   5.4 |  13.3 | 192.7
               +-------+-------+-------+-------+-------+----------------------


   Skills:
 - Level 1.1 Fighting
 * Level 5.2 Short Blades
 - Level 2.4 Dodging
 - Level 1.3 Stealth
 + Level 4.9 Evocations


You had 4 spell levels left.
You didn't know any spells.

Dungeon Overview and Level Annotations

Branches:
Dungeon (3/15)

Altars:
Okawaru


Innate Abilities, Weirdness & Mutations

You are small and have problems with some larger weapons.
You are carnivorous and can eat meat at any time.


Message History

You hit the orc.
The orc is heavily wounded.
The orc hits you with a short sword.
The orc priest shouts!
You hit the orc but do no damage.
The orc is heavily wounded.
The orc hits you with a club. The orc closely misses you.
You hit the orc but do no damage.
The orc is poisoned.
The orc is heavily wounded.
You closely miss the orc.
The orc is heavily wounded.
The orc misses you. The orc completely misses you.
You hit the orc but do no damage.
The orc looks even sicker.
The orc is heavily wounded.
The orc hits you with a short sword. The orc misses you.
You kill the orc! x2
The orc priest invokes the aid of Beogh against you.
Pain shoots through your body!
Drink which item? (? for menu, Esc to quit)
You feel better.
Evoke which item? (* to show all) (? for menu, Esc to quit)
Zapping:
d - a wand of random effects (15)
Press: ? - help, Shift-Dir - straight line, f - orc priest
Aim: an orc priest, wearing a scale mail The orc priest seems to speed up.
This wand has 14 charges left.
The orc priest barely misses you.
You hit the orc priest.
The orc priest is poisoned.
The orc priest is lightly wounded.
The orc priest invokes the aid of Beogh against you.
Pain shoots through your body!
You hit the orc priest but do no damage.
The orc priest is lightly wounded.
The orc priest misses you.
You barely miss the orc priest.
The orc priest is lightly wounded.
The orc priest misses you.
You closely miss the orc priest.
The orc priest is moderately wounded.
The orc priest hits you.
You die...

...# #. #.#o..# #..# #.#.
#.#..o# #..# #.#.#
#.#o.(# #..# #.#..
#.#...## +####..#
#.#.####.#....# .......#
#.#.....(#.#.## ...[...#
#....#..))...#.#
.......###.##.#.###.###.#
#+###...........@o.......
..............#.......#.#
........###########...#
......................###
....##..###########.....#
........# #......#
#.......# #######......#
#.......# ..............#
...#....#
########.######.#


You could see an orc priest.

Table legend:
 A = Kills in this place as a percentage of kills in entire the game.
 B = Kills by you in this place as a percentage of kills by you in the entire game.
 C = Kills by friends in this place as a percentage of kills by friends in the entire game.
 D = Other kills in this place as a percentage of other kills in the entire game.
 E = Experience gained in this place as a percentage of experience gained in the entire game.
 F = Experience gained in this place divided by the number of levels of this place that you have seen.
                   A       B       C       D       E      F
               +-------+-------+-------+-------+-------+----------------------
         Total | 100.0 | 100.0 |  -nan |  -nan | 100.0 |  58.0
       Dungeon | 100.0 | 100.0 |  -nan |  -nan | 100.0 |  58.0
               +-------+-------+-------+-------+-------+----------------------

Vanquished Creatures
  Jessica (D:3)
  3 adders
  2 giant mites
  A worm (D:2)
  2 adder zombies (D:2)
  2 adder skeletons (D:2)
  An ooze (D:1)
  3 orcs (D:3)
  3 ball pythons
  2 giant cockroaches (D:2)
  3 goblins
  A hobgoblin (D:1)
  5 kobolds
  4 bats
  4 giant geckos
  A giant gecko skeleton (D:2)
  A giant newt (D:2)
  A quokka skeleton (D:2)
  4 rats
44 creatures vanquished.

Action                   |  1- 3 |  4- 6 || total
-------------------------+-------+-------++-------
Melee: Short sword       |    52 |       ||    52
       Dagger            |    41 |    72 ||   113
Evoke: Wand              |       |     1 ||     1
  Use: Potion            |       |     1 ||     1
 Stab: Sleeping          |     2 |     2 ||     4
  Eat: Chunk             |     2 |     8 ||    10

Vault maps used:
D:1:      saegor_arrival_simple_c, fountainhead
D:2:      serial_undead, serial_undead_f, serial_undead_a, serial_undead_c,
          serial_undead_f, serial_undead_e, serial_undead_e, serial_undead_b,
          minmay_strange_pillars, okawaru_trees_1
D:3:      minmay_misc_feat_hallway, uniq_jessica, uniq_iyjb
